 Dungeon Crawl Stone Soup version 0.28.0-43-g3370ac3207 (webtiles) character file.

Game seed: 3796403178730689424

14 lmSkywalker the Sneak (level 2, 0/24 HPs)
             Began as a Human Delver on Mar 3, 2022.
             Slain by a water moccasin skeleton (3 damage)
             ... on level 5 of the Dungeon.
             The game lasted 00:02:52 (216 turns).

lmSkywalker the Sneak (Human Delver)                 Turns: 216, Time: 00:02:54

Health: 0/24       AC:  3    Str: 12    XL:     2   Next: 55%
Magic:  2/2        EV: 12    Int: 10    God:
Gold:   9          SH:  0    Dex: 14    Spells: 1/1 levels left

rFire   . . .      SeeInvis .   a - +0 mace
rCold   . . .      Faith    .   (no shield)
rNeg    . . .      Spirit   .   b - +0 leather armour
rPois   .          Reflect  .   (no helmet)
rElec   .          Harm     .   (no cloak)
rCorr   .          Rampage  .   (no gloves)
Will    .....                   (no boots)
Stlth   +++.......              (no amulet)
HPRegen 0.08/turn               h - +4 ring of slaying
MPRegen 0.08/turn               (no ring)

@: lethally poisoned (0 -> -3)
A: no striking features
a: no special abilities


You were on level 5 of the Dungeon.
You visited 1 branch of the dungeon, and saw 2 of its levels.

You collected 9 gold pieces.

Inventory:

Hand Weapons
 a - a +0 mace (weapon)
Armour
 b - a +0 leather armour (worn)
Jewellery
 h - a +4 ring of slaying (left hand)
Wands
 g - a wand of digging (3)
 j - a wand of mindburst (18)
Scrolls
 c - a scroll of fog
 d - a scroll of magic mapping
 e - 3 scrolls of fear
 i - a scroll of identify {unknown}
Potions
 f - a potion of haste


   Skills:
 - Level 3.0 Fighting
 + Level 3.0 Maces & Flails
 - Level 2.0 Dodging
 - Level 5.0 Stealth


You had one spell level left.
You didn't know any spells.
Your spell library was empty.

Dungeon Overview and Level Annotations

Branches:
Dungeon (5/15)
 Temple: D:4-7

Altars:
Ru

Annotations:
D:4 exclusion: scorpion


Message History

You can't see that place. [the floor.] Placed new exclusion.
Found a stone staircase leading down.
You hear the slow hiss of a very distant avalanche of sand.
You hear the slow rusting of a drain nearby.
There is a stone staircase leading down here.
You climb downwards.
The adder hisses angrily.
Found 20 bolts.
Found a stone staircase leading up.
There is a stone staircase leading up here.
You closely miss the water moccasin skeleton.
The water moccasin skeleton closely misses you.
The adder bites you.
You closely miss the adder. The water moccasin skeleton bites you.
The adder barely misses you.
The water moccasin skeleton barely misses you.
The adder bites you.
You barely miss the adder. The water moccasin skeleton misses you.
The adder bites you.
You sock the adder!
The adder is severely wounded.
The water moccasin skeleton barely misses you.
The adder bites you.
You are poisoned.
The adder poisons you!
The water moccasin skeleton barely misses you.
The adder misses you.
You closely miss the adder.
The adder is severely wounded.
You feel sick. The water moccasin skeleton bites you.
* * * LOW HITPOINT WARNING * * *
The adder bites you but does no damage.
You miss the adder.
The adder is severely wounded.
* * * LOW HITPOINT WARNING * * *
You feel sick. The water moccasin skeleton misses you.
The adder closely misses you. The adder bites you but does no damage.
The water moccasin skeleton bites you.
You die...

####### .......
....... ..(....
.......####
...<...S@.#
.......##Z#
.......Z..#
###....#..#
.......#..#
###....#..#
######## #..#.....
#......#
#......#########Z#
#.# ## .....#.
....#.####.#


You could see an adder and a water moccasin skeleton.

Vanquished Creatures
  An adder (D:4)
  An adder skeleton (D:4)
  A quokka (D:4)
3 creatures vanquished.

Notes
Turn   | Place    | Note
-------+----------+-------------------------------------------
     0 | D:5      | lmSkywalker the Human Delver began the quest for the Orb.
     0 | D:5      | Reached XP level 1. HP: 18/18 MP: 1/1
    64 | D:5      | Noticed a scorpion
   127 | D:4      | Reached XP level 2. HP: 23/24 MP: 2/2
   181 | D:4      | Noticed a scorpion
   216 | D:5      | Slain by a water moccasin skeleton

Illustrated notes

Levels and vault maps discovered:
D:4:      layout_basic, lightli_sewer_entry_pipes, enter_ossuary_2
D:5:      layout_loops_cross, lemuel_crystal_altar, uniq_duvessa

Skill      XL: |  1  2 |
---------------+-------+-----
Maces & Flails | 3 |  3.0
Fighting       | |  3.0
Dodging        | |  2.0
Stealth        | |  5.0

Action                   || total
-------------------------++-------
Melee: Mace              ||    12
 Stab: Sleeping          ||     1
Armor: Leather armour    ||     2
Dodge: Dodged            ||    12
